 Dungeon Crawl Stone Soup version 0.17-a0-2208-ge5ab1d3 (console) character file.

2964 Kellhus the Carver (level 9, -2/74 HPs)
             Began as a Mummy Chaos Knight on Oct 26, 2015.
             Slain by a basilisk (11 damage)
             ... on level 8 of the Dungeon.
             The game lasted 00:17:56 (8780 turns).

Kellhus the Carver (Mummy Chaos Knight)             Turns: 8780, Time: 00:17:57

Health: -2/74      AC:  7    Str: 19    XL:     9   Next: 52%
Magic:  9/9        EV: 11    Int: 11    God:    Xom [*.....]
Gold:   295        SH:  0    Dex: 11    Spells: 0 memorised, 8 levels left

rFire  . . .     SeeInvis .     b - +0 dagger (venom)
rCold  + . .     Clarity  .     k - +2 leather armour
rNeg   + + +     SustAt   .     (no shield)
rPois  ∞         Gourm    .     (no helmet)
rElec  .         Spirit   .     t - +1 cloak
rCorr  .         Warding  .     (no gloves)
rMut   .         Stasis   .     (no boots)
MR     +....                    (no amulet)
Stlth  +.........               G - ring of flight
                                D - ring of Kergh {Wiz rF+}

@: somewhat resistant to hostile enchantments, very unstealthy
A: no food or potions, fire vulnerability, cold resistance 1, negative energy
resistance 3, torment resistance, unbreathing
a: Renounce Religion, Evoke Flight


You were on level 8 of the Dungeon.
You worshipped Xom.
You were a special plaything of Xom.
You were not hungry.

You visited 1 branch of the dungeon, and saw 8 of its levels.

You collected 295 gold pieces.

Inventory:

Hand Weapons
 a - a +1 falchion of chaos
 b - a +0 dagger of venom (weapon)
 s - a cursed -3 trident
 u - a +3 quarterstaff of chaos
 I - a +0 dagger of draining
Armour
 k - a +2 leather armour (worn)
 t - a +1 cloak (worn)
 w - a +0 leather armour
 E - a +0 robe
Jewellery
 d - an uncursed ring of protection from magic
 D - the ring of Kergh (left hand) {Wiz rF+}
   (You found it on level 5 of the Dungeon)

   [ring of wizardry]

   It improves your spell success rate.
   It protects you from fire.
 F - a +4 ring of evasion
 G - a ring of flight (right hand)
Wands
 j - a wand of random effects (33)
 p - a wand of digging (8)
 v - a wand of cold (4)
 x - a wand of fire (15)
 A - a wand of lightning (7)
Scrolls
 c - a scroll of fear
 e - 3 scrolls of magic mapping
 f - a scroll of noise
 g - 6 scrolls of teleportation
 l - a scroll of enchant weapon
 m - 2 scrolls of immolation
 n - a scroll of fog
 z - 2 scrolls of remove curse
 H - a scroll of amnesia


   Skills:
 - Level 8.0 Fighting
 + Level 9.6 Long Blades
 - Level 1.5 Armour
 - Level 0.7 Dodging


You had 8 spell levels left.
You didn't know any spells.

Dungeon Overview and Level Annotations

Branches:
Dungeon (8/15)             Temple (0/1) D:7
   Lair: D:8-11

Altars:
Kikubaaqudgha
Okawaru
Ru
Xom

Annotations:
D:4 Eustachio


Innate Abilities, Weirdness & Mutations

You do not eat or drink.
Your flesh is vulnerable to fire.
You are immune to poison.
Your flesh is cold resistant.
You are immune to negative energy.
You are immune to unholy pain and torment.
You can survive without breathing.


Message History

* * * LOW HITPOINT WARNING * * *
The basilisk bites you.
* * * LOW HITPOINT WARNING * * *
You turn to flesh and can move again.
Unknown command.
Press: ? - help, v - describe, . - travel, g - get item
Here: a basilisk (severely wounded, lightly drained)
A giant frog corpse.
The floor.
You completely miss the basilisk.
The basilisk is severely wounded.
The basilisk bites you.
* * * LOW HITPOINT WARNING * * *
You barely miss the basilisk.
The basilisk is severely wounded.
You hit the basilisk.
The basilisk is poisoned.
The basilisk is severely wounded.
The basilisk bites you!
You die...
Xom cackles wildly!

#############.# #.#.......
#.#....... ######
#.#....... #####....#
####.#....... #...#....#
#....#....... #...#....#
#.####....... #...#....#
#.####....... .........#
#.@lrbb...... #...##.###
######c......
#...##.######### .......
#''######......# ..r$...
≈.)≈≈≈###......#####.../..#
#..##≈#...%............../.
⌠..⌠#≈#.#......#####......#
......+.#..†..r..# ...P.P.
.()...+.#####b...##...


You could see a basilisk, a centaur, a river rat and 2 bats.

Vanquished Creatures
  The ghost of tp1 the Thaumaturge, a novice DECj of Vehumet (D:5)
  Grinder (D:3)
  Sigmund (D:3)
  2 humans (D:7)
  A hippogriff (D:7)
  2 sky beasts (D:7)
  A black bear (D:7)
  A phantom (D:4)
  A centaur (D:7)
  A crocodile (D:8)
  2 giant frogs
  A wyvern zombie (D:7)
  A scorpion (D:5)
  3 water moccasin skeletons (D:7)
  A jelly (D:7)
  2 crimson imps
  2 giant frog zombies (D:6)
  A quasit (D:7)
  A giant frog skeleton (D:4)
  A centaur skeleton (D:5)
  3 iguanas (D:7)
  Crazy Yiuf (D:3)
  Ijyb (D:2)
  2 hounds (D:7)
  10 worker ants
  4 orc wizards
  3 sheep (D:7)
  4 gnolls (D:3)
  4 adders
  A worker ant zombie (D:7)
  A shadow imp (D:7)
  5 adder skeletons
  2 worms (D:2)
  A giant gecko (D:1)
  18 orcs
  3 ball pythons
  9 bats
  2 bat zombies (D:6)
  3 giant cockroaches
  6 hobgoblins
  5 jackals
  8 kobolds
  3 quokkas
  A ball python skeleton (D:4)
  A giant gecko skeleton (D:5)
  5 giant newts
  7 goblins
  3 jackal skeletons
  A jackal zombie (D:4)
  A quokka skeleton (D:4)
  7 rats
  2 rat zombies (D:6)
154 creatures vanquished.

Vanquished Creatures (collateral kills)
  A kobold (D:2)
1 creature vanquished.

Vanquished Creatures (others)
  A sheep (D:7)
  4 fungi (D:8)
5 creatures vanquished.

Grand Total: 160 creatures vanquished

Notes
Turn   | Place    | Note
--------------------------------------------------------------
     0 | D:1      | Kellhus the Mummy Chaos Knight began the quest for the Orb.
     0 | D:1      | Reached XP level 1. HP: 18/18 MP: 1/1
     2 | D:1      | Noticed a draconian
     4 | D:1      | Noticed a vampire
     4 | D:1      | Noticed a demigod
     6 | D:1      | Noticed a merfolk
     8 | D:1      | Noticed a naga
     8 | D:1      | Noticed a spriggan
    10 | D:1      | Noticed an ogre
    10 | D:1      | Noticed a felid
    12 | D:1      | Noticed an elf
    12 | D:1      | Noticed a human
    14 | D:1      | Noticed a troll
    16 | D:1      | Noticed a gargoyle
    18 | D:1      | Noticed a centaur
    20 | D:1      | Noticed a formicid
    20 | D:1      | Noticed a dwarf
    22 | D:1      | Noticed a vine stalker
    22 | D:1      | Noticed a demonspawn
    24 | D:1      | Noticed a tengu
    24 | D:1      | Noticed an octopode
    26 | D:1      | Noticed a ghoul
    26 | D:1      | Noticed a minotaur
   174 | D:1      | Reached XP level 2. HP: 24/24 MP: 2/2
   919 | D:2      | XOM: confuse monster(s)
   960 | D:2      | XOM: silly message
   973 | D:2      | XOM: mild Necr miscast
  1131 | D:2      | Reached XP level 3. HP: 26/29 MP: 3/3
  1162 | D:2      | Noticed Ijyb
  1163 | D:2      | XOM: cast spell 'Confusing Touch'
  1189 | D:2      | Killed Ijyb
  1272 | D:2      | XOM: divination: detect creatures
  1280 | D:2      | Reached skill level 4 in Long Blades
  1453 | D:2      | Reached XP level 4. HP: 24/35 MP: 4/4
  1454 | D:2      | XOM: colour smoke trail
  1739 | D:2      | XOM: colour smoke trail
  1811 | D:3      | Noticed Sigmund
  1813 | D:3      | Noticed Grinder
  1815 | D:3      | XOM: enchant monster (bad)
  1824 | D:3      | Paralysed by Grinder for 2 turns
  1933 | D:3      | XOM: swap monsters
  1937 | D:3      | XOM: silly message
  1952 | D:3      | XOM: confuse monster(s)
  1964 | D:3      | Killed Grinder
  1964 | D:3      | Reached skill level 5 in Long Blades
  1964 | D:3      | Reached XP level 5. HP: 9/41 MP: 5/5
  1964 | D:3      | Reached XP level 6. HP: 10/47 MP: 6/6
  2317 | D:3      | Killed Sigmund
  2317 | D:3      | Reached skill level 6 in Long Blades
  2427 | D:3      | Found a sacrificial altar of Ru.
  2443 | D:3      | XOM: confuse monster(s)
  2522 | D:3      | Reached XP level 7. HP: 49/52 MP: 7/7
  2599 | D:3      | Noticed Crazy Yiuf
  2634 | D:3      | Killed Crazy Yiuf
  3248 | D:4      | Noticed Eustachio
  3248 | D:4      | XOM: chaos upgrade
  3251 | D:4      | XOM: 8-stop teleportation journey
  3268 | D:4      | Reached skill level 7 in Long Blades
  3538 | D:3      | XOM: mild Chrm miscast
  3620 | D:4      | XOM: noise
  4108 | D:4      | XOM: enchant monster (good)
  4244 | D:5      | Entered Level 5 of the Dungeon
  4247 | D:5      | XOM: summons 3 hostile demons
  4248 | D:5      | Noticed a soul eater
  4758 | D:5      | XOM: blink monster(s)
  4924 | D:5      | Got a wavering iron ring
  4926 | D:5      | Identified the ring of Kergh {Wiz rF+} (You found it on level 5 of the Dungeon)
  4943 | D:5      | XOM: cast spell 'Cause Fear'
  4955 | D:5      | XOM: potion effect (invisibility)
  4963 | D:5      | Noticed tp1's ghost (novice DECj)
  4970 | D:5      | XOM: enchant monster (bad)
  4996 | D:5      | Killed tp1's ghost
  4996 | D:5      | Reached skill level 8 in Long Blades
  4996 | D:5      | Reached XP level 8. HP: 15/58 MP: 8/8
  5244 | D:5      | XOM: summons 3 hostile demons
  5309 | D:5      | XOM: blink monster(s)
  5350 | D:5      | XOM: god gift: robe {god gift}
  5396 | D:5      | XOM: colour smoke trail
  5500 | D:6      | XOM: noise
  5525 | D:6      | XOM: divination: magic mapping
  5560 | D:6      | XOM: swap monsters
  6054 | D:6      | Found an ancient bone altar of Kikubaaqudgha.
  6146 | D:7      | Reached skill level 9 in Long Blades
  6164 | D:7      | Found a staircase to the Ecumenical Temple.
  6207 | D:7      | XOM: enchant monster (good)
  6228 | D:7      | XOM: mild Tloc miscast
  6236 | D:7      | XOM: noise
  6314 | D:7      | Reached skill level 5 in Fighting
  6551 | D:7      | XOM: polymorph ogre -> human
  6555 | D:7      | XOM: silly message
  6649 | D:7      | XOM: 3-stop teleportation journey
  6650 | D:7      | XOM: enchant monster (good)
  6656 | D:7      | XOM: blink monster(s)
  6659 | D:7      | XOM: harmless Divn miscast
  6669 | D:7      | XOM: confuse monster(s)
  6672 | D:7      | Reached XP level 9. HP: 33/71 MP: 9/9
  7000 | D:7      | Found an iron altar of Okawaru.
  7409 | D:7      | XOM: 7-stop teleportation journey
  7575 | D:7      | XOM: severe Fire miscast
  7609 | D:7      | Found a shimmering altar of Xom.
  8124 | D:7      | XOM: smoke on damage
  8317 | D:8      | XOM: harmless Necr miscast
  8613 | D:8      | XOM: 3-stop teleportation journey
  8761 | D:8      | XOM: noise
  8780 | D:8      | Slain by a basilisk

Vault maps used:
D:1:      kb_arrival_jail
D:2:      uniq_iyjb
D:3:      lemuel_doored_altar, first_bread, minmay_distorted, uniq_sigmund,
          uniq_crazy_yiuf_cottage, uniq_grinder
D:4:      uniq_eustachio
D:6:      lemuel_zombie_altar_kikubaaqudgha
D:7:      okawaru_gym_becter, minmay_temple_entry_junction, grunt_livestock,
          kennysheep_another_room, david_defended_altar_elf
D:8:      due_lair_maze_entry_diamond, kennysheep_generic_room_5

Action                   |  1- 3 |  4- 6 |  7- 9 || total
-------------------------+-------+-------+-------++-------
Melee: Falchion          |   161 |   118 |   394 ||   673
       Dagger            |     4 |    11 |   230 ||   245
  Use: Scroll            |       |       |    14 ||    14
 Stab: Petrifying        |       |     2 |     4 ||     6
       Confused          |       |     3 |     3 ||     6
       Invisible         |       |       |     8 ||     8
       Distracted        |       |       |     1 ||     1
       Paralysed         |       |       |     1 ||     1
